 Dungeon Crawl Stone Soup version 0.29.0-13-gc9e81de378 (webtiles) character file.

Game seed: 15356269495021493796

7 mtoz the Digger (level 1, 0/14 HPs)
             Began as a Demigod Earth Elementalist on Sept 8, 2022.
             Slain by a goblin
             ... wielding a +0 club
              (2 damage)
             ... on level 2 of the Dungeon.
             The game lasted 00:03:31 (761 turns).

mtoz the Digger (Demigod Earth Elementalist)         Turns: 761, Time: 00:03:32

Health: 0/14       AC:  2    Str:  9    XL:     1   Next: 66%
Magic:  5/5        EV: 12    Int: 17    God:
Gold:   54         SH:  0    Dex: 14    Spells: 2/3 levels left

rFire   . . .      SeeInvis .   (no weapon)
rCold   . . .      Faith    .   (no shield)
rNeg    . . .      Spirit   .   a - +0 robe
rPois   .          Reflect  .   (no helmet)
rElec   .          Harm     .   (no cloak)
rCorr   .          Rampage  .   (no gloves)
Will    .....                   (no boots)
Stlth   ++........              (no amulet)
HPRegen 0.04/turn               (no ring)
MPRegen 0.09/turn               (no ring)

@: no status effects
A: high MP 1, forlorn, divine attributes
a: no special abilities


You were on level 2 of the Dungeon.
You visited 1 branch of the dungeon, and saw 2 of its levels.

You collected 54 gold pieces.

Inventory:

Armour
 a - a +0 robe (worn)
Jewellery
 c - an amulet of regeneration
 h - a ring of ice
Scrolls
 d - a scroll of noise {unknown}
 g - a scroll of fog {unknown}
 i - a scroll of silence {unknown}
 j - a scroll of identify {unknown}
Potions
 b - a potion of magic
 e - a potion of haste {unknown}
 f - a potion of curing {unknown}


   Skills:
 + Level 1.9 Dodging
 + Level 1.9 Stealth
 + Level 1.9 Spellcasting
 + Level 1.1 Transmutations
 + Level 2.8 Earth Magic


You had 2 spell levels left.
You knew the following spells:

 Your Spells              Type           Power      Damage    Failure   Level
a - Sandblast             Erth           22%        2d7       6%          1

Your spell library contained the following spells:

 Spells                   Type           Power      Damage    Failure   Level
 Passwall                 Tmut/Erth      6%         N/A       13%         2
 Stone Arrow              Conj/Erth      12%        3d7       32%         3
 Petrify                  Tmut/Erth      8%         N/A       65%         4


Dungeon Overview and Level Annotations

Branches:
Dungeon (2/15)

Shops:
D:1 =


Innate Abilities, Weirdness & Mutations

You have an increased reservoir of magic. (+10% MP)
You shall have no god before yourself.
Your divine heritage dramatically boosts your attributes as you level up.


Message History

A goblin comes into view. It is wielding a +0 club.
You see here a scroll labelled FUJ LEIROITS.
Found a scroll labelled LAMOSUYXOC.
Found an escape hatch in the ceiling.
A goblin comes into view. It is wielding a +0 dagger.
The goblin shouts!
Found an escape hatch in the floor.
The goblin closely misses you.
You closely miss the goblin. The goblin closely misses you.
You closely miss the goblin. The goblin hits you with a +0 club.
You hit the goblin.
The goblin is moderately wounded.
The goblin misses you. The goblin hits you but does no damage.
You closely miss the goblin.
The goblin is moderately wounded.
The goblin hits you but does no damage. The goblin hits you with a +0 club.
You closely miss the goblin.
The goblin is moderately wounded.
The goblin closely misses you. The goblin barely misses you.
You closely miss the goblin.
The goblin is moderately wounded.
The goblin hits you but does no damage. The goblin hits you with a +0 club.
The goblin closely misses you. The goblin attacks as you move away!
The goblin closely misses you.
You start putting on your amulet.
You continue putting on your amulet of regeneration.
The goblin hits you but does no damage.
Keep equipping yourself?
Uppercase [Y]es or [N]o only, please.
Keep equipping yourself? [Y]es or [N]o only, please.
Keep equipping yourself?
The goblin hits you but does no damage.
You continue putting on your amulet of regeneration.
The goblin closely misses you. x2
You continue putting on your amulet of regeneration.
The goblin hits you with a +0 dagger. The goblin hits you with a +0 club.
* * * LOW HITPOINT WARNING * * *
You continue putting on your amulet of regeneration.
The goblin misses you. The goblin hits you with a +0 club.
You die...

#...# ....#
#<.#<....# .#.
#..#?....##...
###..##..##...####
#.................
#...............>.
##..##.#..........
..........#..#..#
.........?.@g...#
.#....:....#g...#
#....#..####....#
#.#..#.# ##.(....
... #. ..#.##.. ..
.. #.#..# # #.
..##.# .## .#


You could see 2 goblins.

Vanquished Creatures
  A ball python (D:1)
  A hobgoblin (D:1)
  2 kobolds (D:1)
  A frilled lizard (D:1)
  2 rats (D:1)
7 creatures vanquished.

Vanquished Creatures (others)
  12 plants (D:1)
12 creatures vanquished.

Grand Total: 19 creatures vanquished

Notes
Turn   | Place    | Note
-------+----------+-------------------------------------------
     0 | D:1      | mtoz the Demigod Earth Elementalist began the quest for the
                  | Orb.
     0 | D:1      | Reached XP level 1. HP: 14/14 MP: 5/5
   327 | D:1      | Reached skill level 1 in Transmutations
   550 | D:1      | Found Gaif's Jewellery Shop.
   761 | D:2      | Slain by a goblin

Illustrated notes

Levels and vault maps discovered:
D:1:      roderic_crop_circles_arrival_large, layout_loops_ring, serial_shops,
          nicolae_shop_temple_entry_statues_fountains, serial_bayou_pond_a,
          hex_large
D:2:      layout_rooms, shapermc_ecumenical_altar_gd, uniq_robin,
          uniq_crazy_yiuf_cottage

Skill      XL: |  1 |
---------------+----+-----
Transmutations | 1 |  1.1
Dodging        | |  1.9
Stealth        | |  1.9
Spellcasting   | |  1.9
Earth Magic    | |  2.8

Action                   || total
-------------------------++-------
Melee: Unarmed           ||     7
 Cast: Sandblast         ||     8
Armor: Robe              ||     6
Dodge: Dodged            ||    13
